[Event "*** Titled Tuesday 3|2 Blitz"]
[Site "Chess.com"]
[Date "2017.05.02"]
[Round "2"]
[White "BigMak2500"]
[Black "oskariot"]
[Result "0-1"]
[WhiteElo "2394"]
[BlackElo "2442"]
[TimeControl "180+2"]
[EndTime "13:21:40 PDT"]
[Termination "oskariot won by resignation"]

1. d4 Nf6 2. c4 g6 3. Nc3 Bg7 4.
e4 d6 5. Nf3 O-O 6. h3 e5 7. d5 a5 8. Be3 Na6 9. g4 Nc5 10. Qc2 Kh8 11. Rg1 Ng8 12. Be2 b6 13. O-O-O f5 14. gxf5 gxf5 15. Bg5 Bh6 16. Kb1 Bxg5 17.
Nxg5 fxe4 18. Ngxe4 Bf5 19. Bg4 Bg6 20. Qe2 Nf6 21. f3 Nfxe4 22. fxe4 Rf4 23. Bf3 Qf6 24. Bh1 Rf8 25. Ka1 Qh4 26. Rde1 Qxh3 27. Qg2 Qxg2 28. Bxg2 Rf2 29. Kb1 Nd3 30. Re2 Rxe2 31. Nxe2 Rf2 32.
Nc3 Nxb2 33. Nb5 Nxc4 34. Nxc7 Na3+ 35. Ka1 Kg7 36. Ne6+ Kf6 37. Bh3 Nc2+ 38. Kb1 Bxe4 39. Kc1 Ne3 40. Rg8 Rc2+ 41. Kb1 Rg2+ 0-1

[Event "*** Titled Tuesday 3|2 Blitz"]
[Site "Chess.com"]
[Date "2017.05.02"]
[Round "2"]
[White "GMAkobianSTL"]
[Black "GrigorGrigorov"]
[Result "1-0"]
[WhiteElo "2601"]
[BlackElo "2508"]
[TimeControl "180+2"]
[EndTime "13:21:51 PDT"]
[Termination "GMAkobianSTL won by resignation"]

1. d4 Nf6 2. c4 e6 3. Nf3 b6 4. g3 Bb7 5. Bg2 Be7 6. O-O O-O 7.
Nc3 Ne4 8. Bd2 Bf6 9. Qc2 Nxd2 10. Qxd2 d6 11. e4 Nd7 12. Rad1 g6 13. Rfe1 Bg7 14. h4 Qe7 15. h5 a6 16. h6 Bh8 17. b4 e5 18. Nd5 Qd8 19. dxe5 Nxe5 20. Nxe5 Bxe5 21. f4 Bh8 22. e5 dxe5 23. fxe5 c6 24. Nc3 Qe7 25.
Na4 Bxe5 26. Nxb6 Rad8 27. Nd7 f6 28. b5 axb5 29. cxb5 Qa3 30. bxc6 Qxg3 31. Qd5+ Kh8 32. Rxe5 fxe5 33. cxb7 Qf2+ 34. Kh2 Qh4+ 35. Bh3 Rf2+ 36. Kg1 Qg3+ 37. Bg2 Rf5 38. Qc5 e4 39. Qd4+ Re5 40. Qxe5+ Qxe5 41. Nxe5 Rxd1+ 42. Kh2 Rb1 43. Bxe4 Rb2+ 44.
Kg3 Kg8 45. Nd7 Kf7 46. b8=Q Rxb8 47. Nxb8 1-0

[Event "*** Titled Tuesday 3|2 Blitz"]
[Site "Chess.com"]
[Date "2017.05.02"]
[Round "2"]
[White "162a54f5d"]
[Black "DryCounty"]
[Result "1-0"]
[WhiteElo "2489"]
[BlackElo "2477"]
[TimeControl "180+2"]
[EndTime "13:21:58 PDT"]
[Termination "162a54f5d won on time"]

1. d4 Nf6 2. Nf3 g6 3. g3 Bg7 4. Bg2 O-O 5. O-O d6 6. b3 a5 7.
a4 Nc6 8. Bb2 Bf5 9. Re1 d5 10.
Nh4 Be6 11. Nd2 Qd7 12. e3 Bh3 13. Bh1 Rfe8 14. Nhf3 Bg4 15. c4 Nb4 16. Nb1 Ne4 17.
Nc3 c6 18. Rc1 Nxc3 19. Bxc3 Na2 20. Rc2 Nxc3 21. Rxc3 e6 22. Rc1 Bf8 23. Bg2 Bb4 24. Rf1 Qe7 25. h3 Bxf3 26. Bxf3 dxc4 27. Rxc4 Rad8 28.
Qe2 e5 29. dxe5 Rd2 30. Qe1 Rb2 31. Qd1 Qxe5 32. Re4 Qb8 33. Qd3 Rd8 34. Qc4 Rdd2 35. Rf4 Qc7 36. Be4 Bd6 37. Rf3 Kg7 38. h4 f5 39. Qe6 Qe7 40. Bxf5 gxf5 41. Qxf5 h6 42. h5 Be5 43. Qg6+ Kh8 44. Rf7 Qxf7 45. Qxf7 Bg7 46.
Qxb7 c5 47. Qc8+ Kh7 48. Qf5+ Kg8 49. Qxc5 Kh7 50. Qf5+ Kh8 51. Qxa5 1-0

[Event "*** Titled Tuesday 3|2 Blitz"]
[Site "Chess.com"]
[Date "2017.05.02"]
[Round "2"]
[White "biostatistician"]
[Black "TheLancer"]
[Result "1/2-1/2"]
[WhiteElo "2405"]
[BlackElo "2443"]
[TimeControl "180+2"]
[EndTime "13:22:06 PDT"]
[Termination "Game drawn - insufficient material"]

1. d4 Nf6 2. Nf3 e6 3. c4 Bb4+ 4. Nbd2 b6 5. a3 Be7 6. e4 O-O 7. e5 Ne8 8. Bd3 f5 9. Qc2 Bb7 10. b3 d6 11. Bb2 dxe5 12. dxe5 a5 13. O-O g6 14. Rad1 Ng7 15. Nd4 Nc6 16. N2f3 Nxd4 17. Nxd4 Bc5 18. Be2 Qh4 19. Bf3 Be4 20. Bxe4 fxe4 21.
Rfe1 Nf5 22. Rxe4 Nxd4 23. Bxd4 Qe7 24. Bxc5 Qxc5 25. a4 Rf5 26. Rd2 Rxe5 27. Rde2 Rxe4 28. Qxe4 Re8 29. g3 Qf5 30. Kg2 Kf7 31. f4 Qxe4+ 32. Rxe4 Rd8 33. Kf3 Rd2 34. Re2 Rd3+ 35. Re3 Rd1 36.
Ke2 Rh1 37. h4 Rb1 38. Rd3 Ke7 39. Kf3 h5 40. Ke4 Re1+ 41. Re3 Rd1 42. Ke5 Rd2 43. Rc3 Rd1 44. Re3 Rd6 45. Rc3 Rc6 46. Rd3 Rc5+ 47. Ke4 Rf5 48. Rd2 Rf8 49. Rd3 Rb8 50. Rd2 c6 51. Ke5 b5 52. Rd6 bxa4 53. bxa4 Rb4 54. Rxe6+ Kf7 55. Rxc6 Rxa4 56. c5 Ra3 57. Rc7+ Ke8 58.
c6 Rxg3 59. Ra7 Kd8 60. Rxa5 Kc7 61. Kf6 Rg4 62. Rg5 Rxf4+ 63. Kxg6 Rxh4 64. Rxh5 Rxh5 65. Kxh5 Kxc6 1/2-1/2

[Event "*** Titled Tuesday 3|2 Blitz"]
[Site "Chess.com"]
[Date "2017.05.02"]
[Round "2"]
[White "ItalianMachine"]
[Black "brauliocuarta"]
[Result "1/2-1/2"]
[WhiteElo "2199"]
[BlackElo "2103"]
[TimeControl "180+2"]
[EndTime "13:22:16 PDT"]
[Termination "Game drawn - insufficient material"]

1. e4 c5 2. Nc3 e6 3. f4 a6 4. Nf3 d5 5. d3 Nc6 6. g3 d4 7. Nb1 Nf6 8. Bg2 Be7 9. O-O O-O 10.
a4 Rb8 11. h3 b5 12. axb5 axb5 13. g4 Qb6 14. Nbd2 Ba6 15. b3 c4 16. bxc4 bxc4 17. e5 Nd5 18. Nxc4 Bxc4 19. dxc4 d3+ 20. Kh2 dxc2 21.
Qxc2 Ne3 22. Bxe3 Qxe3 23. Qd2 Qc5 24. Ng5 Rfd8 25. Qf2 Qxf2 26. Rxf2 Bxg5 27. fxg5 Nxe5 28. c5 Rbc8 29. Rc2 Nd3 30. Ra5 f6 31. gxf6 gxf6 32.
c6 Kf7 33. c7 Rd7 34. Ra7 Nb4 35. Rc4 Nd5 36. Bxd5 exd5 37. Rc5 Ke7 38. Kg3 Kd6 39. Rc3 Rcxc7 40. Ra6+ Ke7 41. Re3+ Kf7 42. Rf3 d4 43. Rfxf6+ Kg7 44. Rfd6 d3 45. Rxd7+ Rxd7 46. Ra1 Kf6 47. Rd1 Ke5 48. Kf3 Kd4 49. h4 Kc3 50. Rc1+ Kd2 51. Ra1 Kc2 52. g5 d2 53. h5 d1=Q+ 54. Rxd1 Kxd1 55. Kf4 Kd2 56. Kf5 Ke3 57. g6 hxg6+ 58. hxg6 Rd1 59. g7 Rg1 60. Kf6 Ke4 61.
Kf7 Rf1+ 62. Ke7 Rg1 63. Kf7 Kf5 64. g8=Q Rxg8 65. Kxg8 1/2-1/2

[Event "*** Titled Tuesday 3|2 Blitz"]
[Site "Chess.com"]
[Date "2017.05.02"]
[Round "2"]
[White "jcibarra"]
[Black "Storne89"]
[Result "0-1"]
[WhiteElo "2652"]
[BlackElo "2499"]
[TimeControl "180+2"]
[EndTime "13:22:21 PDT"]
[Termination "Storne89 won by resignation"]

1. e4 e5 2. Nf3 Nc6 3. Bb5 a6 4.
Bxc6 dxc6 5. O-O f6 6. d4 Bg4 7. c3 c5 8. dxe5 Qxd1 9. Rxd1 fxe5 10. Rd5 Bd6 11. Nxe5 Be6 12. Nf3 Bxd5 13. exd5 Nf6 14. c4 O-O 15. Nc3 Rae8 16. b3 Ne4 17. Nxe4 Rxe4 18.
Be3 b6 19. Nd2 Ree8 20. g3 a5 21. a4 Be5 22. Rd1 Bd4 23. Nf1 Bxe3 24. Nxe3 Re4 25. d6 Rd4 26. dxc7 Rxd1+ 27. Nxd1 Rc8 28. Ne3 Rxc7 29. Nd5 Rd7 30. f4 Rd6 31. Kf2 Kf7 32. Kf3 h5 33. h3 Re6 34. Kf2 g6 35. g4 hxg4 36. hxg4 Re8 37. Nxb6 Rb8 38. Nd7 Rxb3 39. Nxc5 Rc3 40. Ne4 Ra3 41. c5 Rxa4 42. Ke3 Ke7 43.
f5 gxf5 44. gxf5 Ra1 45. Kd4 a4 46. Kc4 a3 47. Kb3 Re1 48. Nc3 Re3 49. Kc2 Rf3 50.
Nb5 Rf2+ 51. Kb1 Rb2+ 0-1

[Event "*** Titled Tuesday 3|2 Blitz"]
[Site "Chess.com"]
[Date "2017.05.02"]
[Round "2"]
[White "FearlessKing64"]
[Black "Enzy63"]
[Result "1/2-1/2"]
[WhiteElo "2143"]
[BlackElo "2047"]
[TimeControl "180+2"]
[EndTime "13:22:22 PDT"]
[Termination "Game drawn - insufficient material"]

1. e4 e5 2. Nf3 Nc6 3. Bc4 Nf6 4. d4 exd4 5. e5 Ng4 6. O-O Be7 7. Re1 d6 8. exd6 cxd6 9. h3 Nge5 10. Bb3 O-O 11.
Nxd4 Nxd4 12. Qxd4 Bxh3 13. Nc3 Bf6 14. Qd5 Be6 15.
Qxb7 Nc4 16. Qf3 Qa5 17. Rxe6 fxe6 18. Bxc4 d5 19. Bd3 Bxc3 20. Qh3 Bd4 21. Qxh7+ Kf7 22.
Bg5 Bf6 23. Bxf6 Kxf6 24. Qg6+ Ke7 25. Qxg7+ Kd6 26. Qg3+ Kd7 27. a4 a6 28. c3 Qc7 29.
Qg7+ Kc6 30. Qd4 Qf4 31. Qxf4 Rxf4 32. b4 Raf8 33. f3 Kb6 34. Be2 e5 35. Rd1 d4 36. g3 R4f6 37. cxd4 exd4 38. Rxd4 Re6 39. Kf2 Rc8 40. Bd3 Rc3 41. f4 Rh6 42. Kf3 Kc7 43. f5 Rd6 44. Rxd6 Kxd6 45. Ke4 Rb3 46. b5 axb5 47. axb5 Rb4+ 48. Ke3 Ke5 49. Kd2 Rg4 50. b6 Rxg3 51. b7 Rg8 52. Kc3 Rb8 53. Ba6 Kxf5 54.
Kc4 Rxb7 55. Bxb7 1/2-1/2

[Event "*** Titled Tuesday 3|2 Blitz"]
[Site "Chess.com"]
[Date "2017.05.02"]
[Round "2"]
[White "supertfc"]
[Black "Bryakin_Mikhail"]
[Result "1-0"]
[WhiteElo "2345"]
[BlackElo "2542"]
[TimeControl "180+2"]
[EndTime "13:22:25 PDT"]
[Termination "supertfc won by resignation"]

1. e4 c6 2. d4 d5 3. e5 Bf5 4. Nf3 e6 5. Be2 Nd7 6. O-O Bg6 7. Nbd2 Nh6 8. Nb3 Nf5 9. Bd2 h5 10.
Ne1 h4 11. Nd3 Be7 12. g4 hxg3 13. hxg3 Bg5 14. Kg2 Bxd2 15. Qxd2 Qe7 16. Rh1 O-O-O 17. a4 Nh6 18. Nf4 Bf5 19. a5 a6 20. c3 f6 21. exf6 Nxf6 22. Nc5 Ne4 23. Nxe4 Bxe4+ 24. f3 Bh7 25. Qe3 Nf5 26. Qe5 Rde8 27. Bd3 Qf6 28. Rae1 Kd7 29. Qxf6 gxf6 30. Nxe6 Bg6 31. Rxh8 Rxh8 32.
Nf4 Bh7 33. Rh1 Ne3+ 34. Kg1 f5 35. Ng6 Rg8 36. Rxh7+ Kd6 37. Ne5 c5 38. Rh6+ Kc7 39. dxc5 Rxg3+ 40. Kf2 f4 41. Rh7+ Kb8 42. Nd7+ Kc8 43.
Nb6+ Kd8 44. Bf1 Nd1+ 45. Ke1 Nxb2 46. Rd7+ Ke8 47. Rxb7 Rxf3 48. c6 Rxc3 49. c7 f3 50. Rb8+ Ke7 51. c8=Q Rxc8 52. Rxc8 Kd6 53. Bxa6 Na4 54.
Bf1 Nc5 55. a6 Nxa6 56. Bxa6 1-0

[Event "*** Titled Tuesday 3|2 Blitz"]
[Site "Chess.com"]
[Date "2017.05.02"]
[Round "2"]
[White "Malev212"]
[Black "Cayse"]
[Result "0-1"]
[WhiteElo "2481"]
[BlackElo "2662"]
[TimeControl "180+2"]
[EndTime "13:22:29 PDT"]
[Termination "Cayse won by resignation"]

1. e4 e5 2. Nf3 Nc6 3. Bc4 Nf6 4. d3 Be7 5. O-O O-O 6. Re1 d6 7. a4 Na5 8. Ba2 c5 9. Nbd2 a6 10. Nf1 b5 11. Ng3 bxa4 12. h3 Rb8 13. Nd2 Bd7 14.
Nc4 h6 15. Rf1 Qc7 16. Ne3 Nc6 17. Ngf5 Bxf5 18. Nxf5 Nd4 19. Nxe7+ Qxe7 20. Bc4 Nd7 21. Rxa4 Nb6 22. Rxa6 Qb7 23. Rxb6 Qxb6 24. f4 exf4 25. Bxf4 Ne6 26. Bc1 Ra8 27. Qg4 Kh8 28. b3 Qc7 29.
Qh5 Qe7 30. Be3 Ra2 31. Rf2 Ng5 32. h4 Ne6 33. Kh2 Kh7 34. Qf5+ Kg8 35. Qg4 Kh8 36. Qh5 Raa8 37. Bd5 Ra7 38. g4 Kg8 39. g5 hxg5 40. hxg5 g6 41. Qg4 Ra1 42. Kg2 Kg7 43. Bd2 Nd4 44.
Bc3 Rc1 45. Qf4 Rb1 46. Qe3 Qe5 47. Qg3 f6 48. gxf6+ Rxf6 49. Qxe5 dxe5 50. Bxd4 cxd4 51. Re2 Rff1 0-1

[Event "*** Titled Tuesday 3|2 Blitz"]
[Site "Chess.com"]
[Date "2017.05.02"]
[Round "2"]
[White "djogrodek1"]
[Black "GamayevOleg"]
[Result "1-0"]
[WhiteElo "2422"]
[BlackElo "2417"]
[TimeControl "180+2"]
[EndTime "13:22:42 PDT"]
[Termination "djogrodek1 won by resignation"]

1. e4 d6 2. d4 Nf6 3. Nc3 e5 4. Nge2 exd4 5. Nxd4 Be7 6. g3 O-O 7. Bg2 Re8 8. O-O Bf8 9. h3 c6 10. a4 Nbd7 11. g4 Nc5 12. Re1 a5 13. Bg5 Be7 14.
Bh4 g6 15. Bg3 Nfd7 16. Qd2 Bg5 17. f4 Bh4 18. Qf2 Bxg3 19. Qxg3 Qb6 20. Qe3 Ne6 21.
Nxe6 fxe6 22. Qxb6 Nxb6 23. Rad1 Rd8 24. e5 d5 25. b3 Rf8 26. Rf1 Bd7 27. Kh2 Rf7 28. Kg3 Nc8 29. h4 Ne7 30. Ne4 Bc8 31. Nf6+ Kg7 32. Rh1 Ng8 33. Ne8+ Kf8 34. Nd6 Rg7 35. h5 Ne7 36. h6 Rg8 37. Kh4 Bd7 38. Kg5 b6 39. Rhf1 Nc8 40. Nxc8 Rxc8 41. c4 Ke7 42. Rc1 Rgf8 43. Rfd1 Rf7 44. cxd5 exd5 45. Bh3 Rcf8 46.
Rf1 d4 47. f5 gxf5 48. gxf5 c5 49. f6+ Ke8 50. e6 Rg8+ 51. Kh5 Bc6 52. exf7+ Kxf7 53. Rce1 Rg3 54. Be6+ Kf8 55. Rg1 Be8+ 56. Kh4 Rxg1 57. Rxg1 Bg6 58. Rxg6 hxg6 59. h7 1-0

[Event "*** Titled Tuesday 3|2 Blitz"]
[Site "Chess.com"]
[Date "2017.05.02"]
[Round "2"]
[White "pKiLz5Rn9b"]
[Black "Spartakus1975"]
[Result "0-1"]
[WhiteElo "2448"]
[BlackElo "2587"]
[TimeControl "180+2"]
[EndTime "13:23:00 PDT"]
[Termination "Spartakus1975 won by resignation"]

1. d4 d5 2. Nf3 Nf6 3. e3 c6 4.
Nbd2 Bg4 5. Be2 Nbd7 6. O-O e6 7.
c4 Bd6 8. h3 Bh5 9. Re1 O-O 10.
Qc2 a5 11. e4 dxe4 12. Nxe4 Nxe4 13. Qxe4 a4 14. Bg5 Bxf3 15. Qe3 Be7 16. Bxe7 Qxe7 17. Bxf3 Qb4 18. a3 Qxc4 19. Rac1 Qb5 20. Be2 Qb6 21. Bd3 Nf6 22. Rc4 Rfd8 23. Rec1 Rd7 24. Rb4 Qa7 25.
Bc2 Nd5 26. Qe4 Nxb4 27. Qxh7+ Kf8 28. axb4 Rxd4 29. Qh8+ Ke7 30. Qxg7 Rf4 31. Qg5+ Rf6 32. Kh1 Qxf2 33. Bd3 Qf4 34. Qc5+ Qd6 35. Qb6 Rd8 36. Be4 Rd7 37. Qa5 Qd4 38. Re1 Qxb2 39. Qc5+ Ke8 40. Qa5 a3 41. Rb1 Qd4 42. Re1 Qd2 43. Ra1 Rf4 44.
Qe5 Qd6 45. Qh8+ Ke7 46. Bf3 Qd4 47. Qxd4 Rfxd4 48. b5 cxb5 49. Rxa3 b4 50. Rb3 Rc7 51. Kh2 Rc3 52. Rb2 b5 53. Kg3 b3 54. h4 Rb4 55.
h5 Rc2 56. Rb1 b2 57. h6 Kf8 58. Rd1 Rcc4 59. Rd8+ Ke7 60. h7 Rh4 61. Be4 Rbxe4 0-1

[Event "*** Titled Tuesday 3|2 Blitz"]
[Site "Chess.com"]
[Date "2017.05.02"]
[Round "2"]
[White "Cryptochess"]
[Black "platy3"]
[Result "0-1"]
[WhiteElo "2466"]
[BlackElo "2642"]
[TimeControl "180+2"]
[EndTime "13:23:07 PDT"]
[Termination "platy3 won by resignation"]

1. e4 c5 2. Nc3 e6 3. g3 Nc6 4.
Bg2 Nf6 5. d3 d6 6. Be3 Be7 7.
h3 Rb8 8. Qd2 b5 9. Nf3 b4 10.
Ne2 O-O 11. O-O d5 12. exd5 exd5 13. c3 a5 14. Rfe1 Ba6 15. d4 bxc3 16. bxc3 cxd4 17. Nexd4 Qd7 18. Bf4 Nxd4 19. Nxd4 Bd6 20. Bxd6 Qxd6 21.
Nf5 Qd8 22. Qg5 Ne8 23. Re7 Rb6 24. Rae1 Rg6 25. Qf4 Nd6 26. Bxd5 Rf6 27. Be4 Bc8 28. g4 Bxf5 29. Bxf5 Nxf5 30. gxf5 Qd3 31. Qe4 Qxe4 32. R1xe4 Rxf5 33. Re8 Rc5 34. Rxf8+ Kxf8 35. Re3 a4 36.
Kf1 a3 37. c4 Rxc4 38. Rxa3 Rc2 39. Ra7 g6 40. Kg2 Kg7 41. Kg3 h5 42. a4 Ra2 43. a5 Ra3+ 44. Kg2 g5 45. Ra6 f6 46. Ra8 Kg6 47. Ra6 Kf5 48. Ra8 Kf4 49. Ra6 f5 50.
Ra8 Ra2 51. a6 g4 52. hxg4 hxg4 53. a7 Ra3 54. Rb8 Rxa7 55. Rb4+ Kg5 56. Kg1 f4 57. Kg2 Ra2 58. Rc4 g3 59. Kh3 Rxf2 60. Rc5+ Kf6 61. Rc1 g2 62. Kh2 f3 63. Rc4 Rf1 64. Rg4 Kf5 65.
Rg8 Rh1+ 0-1

[Event "*** Titled Tuesday 3|2 Blitz"]
[Site "Chess.com"]
[Date "2017.05.02"]
[Round "2"]
[White "joppie2"]
[Black "bancsoo"]
[Result "0-1"]
[WhiteElo "2525"]
[BlackElo "2579"]
[TimeControl "180+2"]
[EndTime "13:23:15 PDT"]
[Termination "bancsoo won on time"]

1. d4 d5 2. Bf4 Nf6 3. Nf3 c5 4. e3 Nc6 5. Nbd2 e6 6. c3 Nh5 7. Be5 f6 8. Bg3 Be7 9. Bd3 Bd7 10. Nh4 Nxg3 11. hxg3 Qb6 12. Ng6 Rg8 13. Nxe7 Kxe7 14. Rb1 h6 15. O-O f5 16. b4 cxb4 17. cxb4 Rac8 18.
Qb3 Nd8 19. Nf3 Nf7 20. a4 Qd6 21. Rfc1 g5 22. Qb2 Rxc1+ 23. Rxc1 Rc8 24. Rxc8 Bxc8 25. Ne5 Bd7 26. a5 Be8 27. Qc3 Nxe5 28. dxe5 Qc6 29.
Qd4 b6 30. Kh2 Kd8 31. b5 Qc5 32. Qa4 a6 33. axb6 Bxb5 34. Bxb5 Qxb5 35. Qa3 Qxb6 36. Qf8+ Kc7 37. Qxh6 g4 38. Qf6 Qc6 39. f3 a5 40. fxg4 fxg4 41. Qg7+ Kb6 42. Qxg4 a4 43. Qb4+ Qb5 44. Qd6+ Ka5 45. Qxe6 a3 46. Qd6 Ka4 47. e6 a2 48. Qe5 Kb3 49. e7 Qe8 50. Qxd5+ Kb2 51.
Qe5+ Kb1 52. Qf5+ Kb2 53. Qf6+ Kb1 54. Qf5+ Kc1 55. Qf6 Kb1 56. Qf5+ Kb2 57. Qf6+ Kb1 58. Qf8 Qh5+ 59. Kg1 a1=Q 60. Qf2 Qe8 61. Qf8 Ka2+ 62. Kf2 Qb2+ 63. Kf3 Qb7+ 64. Ke2 Qbxe7 65. Qf4 Qe4 0-1

[Event "*** Titled Tuesday 3|2 Blitz"]
[Site "Chess.com"]
[Date "2017.05.02"]
[Round "2"]
[White "evgenyermolaev"]
[Black "hermionegrangermagic"]
[Result "1-0"]
[WhiteElo "2361"]
[BlackElo "2261"]
[TimeControl "180+2"]
[EndTime "13:23:15 PDT"]
[Termination "evgenyermolaev won by resignation"]

1. e4 c6 2. d4 d5 3. f3 e5 4. exd5 Qxd5 5. Be3 exd4 6. Qxd4 Nf6 7. Nc3 Qxd4 8. Bxd4 Bb4 9. O-O-O Be6 10. a3 Ba5 11.
Nge2 Nbd7 12. Nf4 c5 13. Nxe6 fxe6 14. Bf2 Bxc3 15. bxc3 Ke7 16. Bc4 b6 17. Rhe1 Nf8 18. Rd2 Rc8 19. Bg3 Ne8 20. Rde2 Rc6 21. Bd5 Rc8 22.
Bxe6 Nxe6 23. Rxe6+ Kf7 24. Re7+ Kf8 25. Rxa7 h5 26. Ree7 h4 27. Be5 h3 28. g3 Rh5 29.
Bxg7+ Nxg7 30. Rxg7 Re5 31. Raf7+ Ke8 32. Rb7 Kf8 33.
Rh7 Kg8 34. Rxh3 Re1+ 35. Kb2 Rd8 36. Rhh7 Rdd1 37. Rhg7+ Kf8 38. Rgf7+ Kg8 39. c4 Rb1+ 40. Kc3 Re3+ 41. Kd2 Rbe1 42. Rfc7 R3e2+ 43. Kc3 Re3+ 44. Kb2 Re8 45. Rxb6 R1e2 46. Rg6+ Kf8 47. Rf6+ Kg8 48. Rg6+ Kf8 49. Rh6 Kg8 50. Rhh7 Rb8+ 51. Kc3 Rd8 52. Rcg7+ Kf8 53. Rh8+ Kxg7 54. Rxd8 Re3+ 55. Rd3 Re2 56. a4 Kf6 57. a5 Re7 58. a6 Ra7 59. Rd6+ Ke7 60.
Rb6 Ra8 61. h4 Kf7 62. h5 Kg7 63. g4 Kh7 64. g5 Kg7 65. Rb7+ Kg8 66. a7 Re8 67.
Rb8 Kh7 68. Rxe8 Kg7 69. Re7+ Kf8 70. Rb7 1-0

[Event "*** Titled Tuesday 3|2 Blitz"]
[Site "Chess.com"]
[Date "2017.05.02"]
[Round "2"]
[White "David_Klein"]
[Black "Noukii"]
[Result "1-0"]
[WhiteElo "2497"]
[BlackElo "2638"]
[TimeControl "180+2"]
[EndTime "13:23:29 PDT"]
[Termination "David_Klein won by checkmate"]

1. e4 Nf6 2. e5 Nd5 3. d4 d6 4. Nf3 g6 5. h3 Bg7 6. Bc4 Nb6 7.
Bb3 dxe5 8. Nxe5 Bxe5 9. dxe5 Qxd1+ 10. Kxd1 Na6 11. Nc3 Bd7 12. Bg5 h6 13. Be3 Bc6 14.
f3 e6 15. Ke2 Nb4 16. Bd2 Bd7 17. Ne4 Nc6 18. Nf6+ Ke7 19. Bc3 a5 20. a3 Nb8 21.
Bd4 Bb5+ 22. Kf2 N6d7 23. Rad1 Nc6 24. Nxd7 Nxd4 25. Rxd4 Bxd7 26. Rhd1 Bc6 27. h4 a4 28. Bc4 Ra5 29. f4 g5 30. g3 gxh4 31. gxh4 Rg8 32. Rg1 Rxg1 33. Kxg1 Ra8 34. Kh2 Rg8 35. Bd3 Rg2+ 36.
Kh3 Rg1 37. Kh2 Rb1 38. Rb4 Kd8 39. Kg3 Ke7 40. Kg4 Kf8 41. Kg3 Kg7 42. f5 exf5 43. Bxf5 Re1 44. Kf4 Kf8 45. Bd3 Ke7 46. Rd4 Bd7 47. Rb4 b6 48. Rc4 c5 49. Re4 Rb1 50.
Re3 Rxb2 51. Rg3 Ra2 52. Be4 b5 53. Rc3 c4 54. Rg3 Be6 55. Bc6 Rb2 56. c3 Rb3 57.
Re3 Kd8 58. Ke4 Kc7 59. Be8 Kb6 60. Kd4 Rxa3 61. Rf3 Ra1 62. Bxf7 Rd1+ 63. Ke4 Bd5+ 64. Bxd5 a3 65. Rf6+ Ka5 66. Rf8 Ka4 67. e6 a2 68.
Ra8+ Kb3 69. Ke5 a1=Q 70. Rxa1 Rxa1 71. e7 Re1+ 72. Be4 Kxc3 73. e8=Q b4 74. Qa4 Rc1 75. Kd5 Re1 76. Qc2# 1-0

[Event "*** Titled Tuesday 3|2 Blitz"]
[Site "Chess.com"]
[Date "2017.05.02"]
[Round "2"]
[White "SerGo055"]
[Black "BjarkeSahl"]
[Result "1-0"]
[WhiteElo "2381"]
[BlackElo "2151"]
[TimeControl "180+2"]
[EndTime "13:23:34 PDT"]
[Termination "SerGo055 won by resignation"]

1. d4 g6 2. Nf3 Bg7 3. c4 d6 4.
Nc3 Nd7 5. Bg5 h6 6. Bh4 Ngf6 7. e4 g5 8. Bg3 Nh5 9. d5 c5 10. dxc6 bxc6 11. Nd4 Nxg3 12. hxg3 c5 13. Nf5 Bf6 14. Rxh6 Rxh6 15. Nxh6 Ne5 16. Nd5 Bg7 17. Nf5 Bxf5 18. exf5 Qa5+ 19. Qd2 Qxd2+ 20. Kxd2 Rb8 21. Rb1 e6 22.
fxe6 fxe6 23. Ne3 g4 24. Be2 Bh6 25. b3 Ke7 26. Rh1 Bg5 27. Rh7+ Kf6 28. f4 gxf3 29.
gxf3 Bxe3+ 30. Kxe3 Rg8 31. f4 Nc6 32. g4 Rg7 33. g5+ Kf7 34. Bh5+ Kg8 35. Rh6 Nd4 36. Bg4 Re7 37. Ke4 a5 38. Rf6 Kg7 39. Rh6 Kg8 40. Bh3 Kg7 41. Bg4 Kg8 42. Rh3 Kg7 43. a3 Rb7 44.
Bd1 Nf5 45. Rd3 a4 46. bxa4 Rb1 47. a5 Nd4 48. a6 Rb6 49. a7 Ra6 50. Bh5 Rxa7 51. Be8 Ra8 52. Bb5 Rh8 53. a4 Rh4 54. a5 e5 55. a6 Rxf4+ 56. Kd5 e4 57. Re3 Rf5+ 58. Kxd6 Rf7 59. Rxe4 Nf5+ 60. Kxc5 1-0

[Event "*** Titled Tuesday 3|2 Blitz"]
[Site "Chess.com"]
[Date "2017.05.02"]
[Round "2"]
[White "Indianlad"]
[Black "Aygehovit1992"]
[Result "1-0"]
[WhiteElo "2652"]
[BlackElo "2505"]
[TimeControl "180+2"]
[EndTime "13:23:47 PDT"]
[Termination "Indianlad won on time"]

1. d4 d6 2. e4 g6 3. Nc3 Bg7 4.
Nf3 Nf6 5. Be2 O-O 6. O-O Nc6 7.
Be3 Bg4 8. d5 Bxf3 9. gxf3 Ne5 10. Kh1 c6 11. f4 Ned7 12. dxc6 bxc6 13. Rg1 Rb8 14. Rb1 Qa5 15. Rg5 Qb4 16. a3 Qb7 17.
Bf3 Nb6 18. b3 h6 19. Rg3 Qa6 20. Qd2 Qxa3 21. f5 Nbd7 22. Bxh6 Ne5 23. Bg2 Qb4 24.
Bxg7 Kxg7 25. f4 Nh5 26. Rg5 Nxf4 27. Qxf4 Qxc3 28. Rf1 f6 29. Rg3 Qxc2 30. fxg6 Rh8 31. Qe3 a5 32. Qa7 Rbe8 33. Qxa5 Rh4 34. Qe1 Reh8 35.
h3 Nd3 36. Qe3 Ne5 37. Qa7 Re8 38. Qe3 Ra8 39. Qb6 Qa2 40. Qe3 Qa7 41. Qe1 Rah8 42. b4 Qd7 43. Kh2 Ng4+ 44. Kg1 Ne5 45. Ra3 Nxg6 46. Rg3 R8h6 47. e5 dxe5 48. Kh2 Kf7 49. Qc3 Nf4 50. Qc4+ Qe6 51. Qc2 Nxg2 52. Qxg2 Kf8 53.
Ra1 Qc8 54. Rga3 Kf7 55. Rg3 Rh7 56. Rg1 Qh8 57. Qa2+ Ke8 58. Qa8+ Kd7 59. Rd1+ Ke6 60. Qxc6+ Kf7 61. Qd5+ Kf8 62. Qe6 Rd4 63. Rdg1 1-0

[Event "*** Titled Tuesday 3|2 Blitz"]
[Site "Chess.com"]
[Date "2017.05.02"]
[Round "2"]
[White "the_drake"]
[Black "chessking2151"]
[Result "1/2-1/2"]
[WhiteElo "2204"]
[BlackElo "2343"]
[TimeControl "180+2"]
[EndTime "13:24:02 PDT"]
[Termination "Game drawn by agreement"]

1. e4 c5 2. Nf3 d6 3. d4 cxd4 4.
Nxd4 Nf6 5. Nc3 a6 6. Be3 e5 7. Nf3 Nbd7 8. Bc4 Be7 9. Bxf7+ Kxf7 10. Ng5+ Ke8 11. Ne6 Qa5 12. Nxg7+ Kf7 13. Nf5 d5 14. exd5 Bb4 15. O-O Nb6 16. Nh6+ Kg6 17. Qd3+ e4 18. Nxe4 Qxd5 19. Nxf6+ Qxd3 20. cxd3 Kxf6 21. Bxb6 Kg6 22. Be3 Bf8 23. Rac1 Bxh6 24. Bxh6 Kxh6 25. Rc7 Bf5 26. Rxb7 Bxd3 27. Re1 Rhe8 28. Rxe8 Rxe8 29. f3 Bb5 30. a4 Bxa4 31. Rb6+ Kg5 32. Rxa6 Bc2 33. Kf2 Rb8 34. Ra5+ Kh6 35. Kg3 Rxb2 36. Ra6+ Bg6 37. Ra5 Bd3 38.
Ra1 Kg6 39. Rd1 Be2 40. Re1 Kf5 41. Ra1 h5 42. Ra5+ Bb5 43. h4 Kf6 44. Ra1 Rd2 45.
Rb1 Bd3 46. Rb6+ Ke7 47. Rb7+ Kd8 48. Rg7 Bf1 49. Kh2 Be2 50. Kg3 Bf1 51. Kh2 Ke8 52.
Kg1 Bc4 53. Rg5 Bf7 54. Kh2 Kf8 55. Kg3 Rd4 56. Kh3 Ke7 57. Kg3 Kf6 58. Ra5 Bg6 59.
Ra6+ Kg7 60. Ra7+ Kh6 61. Ra5 Rd1 62. Kf2 Rh1 63. Kg3 Bd3 64. Rd5 Bg6 65. Rd4 Rg1 66. Kh2 Re1 67. g4 Re2+ 68. Kg3 hxg4 69. fxg4 Re3+ 70.
Kf4 Rh3 71. h5 Bf7 72. Rd6+ Kg7 73. Kg5 Rf3 74. h6+ Kh7 75. Rf6 Rxf6 76. Kxf6 Bg6 77. g5 Be4 78. Ke5 Bg6 79. Kf6 Bb1 80. Kf7 Bg6+ 81.
Kf8 Bf5 82. Kf7 Bg6+ 83. Kf6 Bb1 84. Kf7 1/2-1/2

[Event "*** Titled Tuesday 3|2 Blitz"]
[Site "Chess.com"]
[Date "2017.05.02"]
[Round "2"]
[White "underdogchss"]
[Black "RitvarsReimanis"]
[Result "0-1"]
[WhiteElo "2402"]
[BlackElo "2437"]
[TimeControl "180+2"]
[EndTime "13:24:07 PDT"]
[Termination "RitvarsReimanis won by resignation"]

1. d4 Nf6 2. Nf3 e6 3. c4 d5 4. Nc3 Nbd7 5. Bg5 Be7 6. e3 O-O 7. Rc1 c6 8. a3 h6 9. Bf4 Nh5 10. Bg3 f5 11. Bd3 Nxg3 12. hxg3 Nf6 13. Ne5 Bd6 14. Ng6 Re8 15. c5 Bc7 16. f4 Qd7 17.
Be2 b6 18. b4 bxc5 19. bxc5 Ba5 20. Ne5 Qc7 21. Bd3 Nd7 22. g4 Nxe5 23. fxe5 Rb8 24. O-O Rf8 25. gxf5 exf5 26. Qh5 Rb3 27. Nxd5 cxd5 28.
Bxf5 Bxf5 29. Rxf5 Rbb8 30. Rcf1 Rxf5 31. Qxf5 Qe7 32.
e6 Re8 33. Qxd5 Qxe6 34. e4 Bc3 35. Rd1 Qxd5 36. exd5 Re4 37. d6 Bxd4+ 38. Kf1 Bxc5 39. d7 Rf4+ 40. Ke2 Bb6 41. d8=Q+ Bxd8 42. Rxd8+ Kh7 43.
Rd7 Ra4 44. Rd3 Kg6 45. Kf3 Kf6 46. Re3 Ra6 47. Kg3 Kf5 48. Kf3 Ra5 49. g4+ Kf6 50.
Kf4 g5+ 51. Kf3 Ra6 52. Rc3 Kg6 53. Rb3 Rf6+ 54. Kg3 Rc6 55. Rd3 h5 56. gxh5+ Kxh5 57. Rb3 Rc4 58. Kh3 Rc2 59. Kg3 a5 60. Kh3 a4 61.
Rd3 Rb2 62. Rd8 Rb3+ 63. Kg2 Rxa3 64. Ra8 Kh4 65. Ra5 Kg4 66. Rc5 Ra2+ 67. Kg1 Kh5 68. Ra5 Kh4 69. Rc5 g4 70. Rc4 Kh3 71. Rc8 Rb2 72. Rc3+ g3 73. Rc1 a3 74. Kh1 a2 0-1